 Dungeon Crawl Stone Soup version 0.28.0-45-g0d030f2227 (webtiles) character file.

Game seed: 5579939571521553712

159 protoss039 the Digger (level 5, -10/40 HPs)
             Began as a Demonspawn Earth Elementalist on May 30, 2022.
             Mangled by a gnoll shaman
             ... wielding a +0 club
              (11 damage)
             ... on level 3 of the Dungeon.
             The game lasted 00:04:43 (3526 turns).

protoss039 the Digger (DsEE)                        Turns: 3526, Time: 00:04:44

Health: -10/40     AC:  2    Str:  8    XL:     5   Next: 17%
Magic:  0/9        EV: 12    Int: 19    God:
Gold:   83         SH:  0    Dex: 15    Spells: 3/9 levels left

rFire   . . .      SeeInvis .   i - +0 spear
rCold   . . .      Faith    .   (no shield)
rNeg    . . .      Spirit   .   b - +0 robe
rPois   .          Reflect  .   (no helmet)
rElec   .          Harm     .   (no cloak)
rCorr   .          Rampage  .   (no gloves)
Will    .....                   (no boots)
Stlth   +++.......              (no amulet)
HPRegen 0.13/turn               (no ring)
MPRegen 0.11/turn               (no ring)

@: no status effects
A: thin skeletal structure 1, ignite blood 1
a: no special abilities


You were on level 3 of the Dungeon.
You visited 1 branch of the dungeon, and saw 3 of its levels.

You collected 83 gold pieces.

Inventory:

Hand Weapons
 i - a +0 spear (weapon)
Missiles
 c - 62 stones
Armour
 b - a +0 robe (worn)
Wands
 f - a wand of digging (3)
Scrolls
 e - a scroll of teleportation {unknown}
 h - a scroll of identify {unknown}
Potions
 a - a potion of curing {unknown}
 d - 2 potions of brilliance {unknown}
 g - a potion of resistance {unknown}


   Skills:
 * Level 2.8 Fighting
 + Level 1.5 Armour
 - Level 1.7 Dodging
 - Level 1.7 Stealth
 + Level 2.7 Spellcasting
 * Level 1.1 Conjurations
 - Level 1.0 Transmutations
 + Level 3.3 Earth Magic


You had 3 spell levels left.
You knew the following spells:

 Your Spells              Type           Power      Damage    Failure   Level
a - Sandblast             Erth           30%        2d9       4%          1
b - Passwall              Tmut/Erth      8%         N/A       10%         2
c - Stone Arrow           Conj/Erth      22%        3d8       19%         3

Your spell library contained the following spells:

 Spells                   Type           Power      Damage    Failure   Level
 Petrify                  Tmut/Erth      10%        N/A       54%         4


Dungeon Overview and Level Annotations

Branches:
Dungeon (3/15)

Altars:


Innate Abilities, Weirdness & Mutations

You have a somewhat thin skeletal structure. (Dex +2, Stealth+)
Your demonic aura sometimes causes spilled blood to erupt in flames.


Message History

Aim: a gnoll, wielding a +0 club (moderately wounded, fast, 82% to hit)
The blast of sand hits the gnoll.
The gnoll is severely wounded.
The gnoll hits you with a +0 club!
* * * LOW HITPOINT WARNING * * *
The gnoll hits you with a +0 club!
* * * LOW HITPOINT WARNING * * *
Casting: Sandblast (safe; 4% risk of failure)
Confirm with . or Enter, or press ? or * to list all spells.
Aiming: Sandblast (safe; 4% risk of failure)
Press: ? - help, Shift-Dir - straight line, f/p - gnoll
Aim: a gnoll, wielding a +0 club (severely wounded, fast, 82% to hit)
The blast of sand hits the gnoll!
You kill the gnoll!
Unknown command.
Casting: Sandblast (safe; 4% risk of failure)
Confirm with . or Enter, or press ? or * to list all spells.
Aiming: Sandblast (safe; 4% risk of failure)
Press: ? - help, Shift-Dir - straight line, f - gnoll shaman
Aim: a gnoll shaman, wielding a +0 club and wearing a +0 leather armour (82% to hit)
The blast of sand misses the gnoll shaman.
The gnoll shaman hits you with a +0 club.
* * * LOW HITPOINT WARNING * * *
Unknown command.
Casting: Sandblast (safe; 4% risk of failure)
Confirm with . or Enter, or press ? or * to list all spells.
Aiming: Sandblast (safe; 4% risk of failure)
Press: ? - help, Shift-Dir - straight line, f/p - gnoll shaman
Aim: a gnoll shaman, wielding a +0 club and wearing a +0 leather armour (82% to hit)
The blast of sand hits the gnoll shaman!
The gnoll shaman is moderately wounded.
The gnoll shaman barely misses you.
Casting: Sandblast (safe; 4% risk of failure)
Confirm with . or Enter, or press ? or * to list all spells.
Aiming: Sandblast (safe; 4% risk of failure)
Press: ? - help, Shift-Dir - straight line, f/p - gnoll shaman
Aim: a gnoll shaman, wielding a +0 club and wearing a +0 leather armour (moderately wounded, 82% to hit)
The blast of sand misses the gnoll shaman.
The gnoll shaman hits you with a +0 club!
You die...

......... ........# #.#
........... #.#
..........# #.# #.#
........).# #.# #.#
..........#####.# #.#
..............#.# #.#
###..........###g#.# #.#
....#.......####@#.# #.#
..<........###.....# #.#
................#.####.#
...###########..#......#
...# #....#....### )#.#
#.#######.# .#.# #..
#...(# .#.# ###. #.†###
.#.# >....#..#


You could see a gnoll shaman.

Vanquished Creatures
  4 adders (D:2)
  6 gnolls
  2 dart slugs
  3 ball pythons
  9 endoplasms
  3 giant cockroaches (D:1)
  9 goblins
  7 hobgoblins
  2 quokkas (D:1)
  4 bats
  4 frilled lizards
  6 kobolds
  2 rats
61 creatures vanquished.

Notes
Turn   | Place    | Note
-------+----------+-------------------------------------------
     0 | D:1      | protoss039 the Demonspawn Earth Elementalist began the
                  | quest for the Orb.
     0 | D:1      | Reached XP level 1. HP: 13/13 MP: 3/3
   119 | D:1      | Reached skill level 1 in Transmutations
   379 | D:1      | Gained mutation: Your demonic aura sometimes causes spilled
                  | blood to erupt in flames. [demonic ancestry]
   379 | D:1      | Reached XP level 2. HP: 10/20 MP: 0/5
   560 | D:1      | Reached skill level 1 in Fighting
  1290 | D:1      | Learned a level 2 spell: Passwall
  1305 | D:2      | Gained mutation: You have a somewhat thin skeletal
                  | structure. (Dex +2, Stealth+) [demonic ancestry]
  1305 | D:2      | Reached XP level 3. HP: 5/26 MP: 1/6
  1850 | D:2      | Found a faded altar of an unknown god.
  1877 | D:2      | Reached skill level 3 in Earth Magic
  1881 | D:2      | Reached skill level 1 in Armour
  2485 | D:2      | Reached XP level 4. HP: 33/33 MP: 7/7
  2960 | D:2      | Learned a level 3 spell: Stone Arrow
  3470 | D:3      | Reached XP level 5. HP: 39/39 MP: 9/9
  3479 | D:3      | Reached skill level 1 in Conjurations
  3524 | D:3      | HP: 1/40 [gnoll shaman/+0 club (3)]
  3526 | D:3      | Mangled by a gnoll shaman

Illustrated notes

Levels and vault maps discovered:
D:1:      roderic_chinese_lattice_arrival, layout_basic, minmay_misc_feat_room
D:2:      layout_basic, ebering_ecumenical_altar_rust, st_stairs_12
D:3:      layout_loops_ring, corner_web_ring, minmay_misc_feat_rows,
          serial_park_tiny_1

Skill      XL: |  1  2  3  4  5 |
---------------+----------------+-----
Transmutations | 1 |  1.0
Fighting       | 1 2 |  2.8
Earth Magic    | 3 |  3.3
Armour         | 1 |  1.5
Conjurations   | 1 |  1.1
Dodging        | |  1.7
Stealth        | |  1.7
Spellcasting   | |  2.7

Action                   |  1- 3 |  4- 6 || total
-------------------------+-------+-------++-------
Melee: Unarmed           |    21 |       ||    21
       Punch             |     3 |     1 ||     4
       Dagger            |    62 |    21 ||    83
       Spear             |       |    23 ||    23
 Cast: Sandblast         |    47 |    30 ||    77
 Stab: Sleeping          |     5 |     7 ||    12
Armor: Robe              |    13 |     3 ||    16
Dodge: Dodged            |    50 |    30 ||    80
